 Dungeon Crawl Stone Soup version 0.28.0-47-ge53b351184 (webtiles) character file.

Game seed: 2946423935346642671

408 styxcanada the Covert (level 6, -8/32 HPs)
             Began as a Spriggan Brigand on May 5, 2022.
             Was an Initiate of Gozag.
             Killed by divine providence
             ... invoked by an orc priest
              (10 damage)
             ... on level 5 of the Dungeon.
             The game lasted 00:17:38 (6106 turns).

styxcanada the Covert (Spriggan Brigand)            Turns: 6106, Time: 00:17:38

Health: -8/32      AC:  3    Str:  7    XL:     6   Next: 57%
Magic:  3/9        EV: 19    Int: 12    God:    Gozag
Gold:   240        SH:  0    Dex: 19    Spells: 5/7 levels left

rFire   . . .      SeeInvis +   a - +2 dagger
rCold   . . .      Faith    .   (no shield)
rNeg    . . .      Spirit   .   b - +0 robe
rPois   .          Reflect  .   (helmet restricted)
rElec   .          Harm     .   m - +0 cloak {Will+}
rCorr   .          Rampage  .   (gloves unavailable)
Will    ++...                   (boots unavailable)
Stlth   ++++......              (no amulet)
HPRegen 0.10/turn               o - ring of wizardry
MPRegen 0.11/turn               (no ring)

@: very quick
A: very small, no large weapons, unfitting armour, see invisible, speed 3
a: Renounce Religion, Potion Petition, Call Merchant, Bribe Branch


You were on level 5 of the Dungeon.
You worshipped Gozag.
Gozag was aware of your devotion.
You visited 2 branches of the dungeon, and saw 6 of its levels.

You collected 290 gold pieces.
You paid 50 gold pieces to Gozag.

Inventory:

Hand Weapons
 a - a +2 dagger (weapon)
 r - a +2 quarterstaff of chaos
Missiles
 d - a poisoned dart (quivered)
 e - 3 curare-tipped darts
 f - 197 stones
 q - a throwing net
Armour
 b - a +0 robe (worn)
 m - a +0 cloak of willpower (worn)
 s - a +2 cloak
Jewellery
 i - a ring of fire
 o - a ring of wizardry (left hand)
Scrolls
 g - 2 scrolls of blinking
 p - a scroll of teleportation
Potions
 c - a potion of ambrosia {unknown}
 h - a potion of heal wounds {unknown}
 j - a potion of cancellation
 l - a potion of might
 n - 3 potions of curing {unknown}
 t - 2 potions of flight {unknown}


   Skills:
 * Level 2.6 Fighting
 + Level 3.3 Short Blades
 + Level 2.8 Throwing
 * Level 3.9 Dodging
 * Level 8.2 Stealth
 * Level 1.4 Spellcasting
 * Level 0.6 Conjurations
 * Level 0.5 Fire Magic
 * Level 0.9 Air Magic


You had 5 spell levels left.
You knew the following spells:

 Your Spells              Type           Power      Damage    Failure   Level
a - Shock                 Conj/Air       8%         1d3       9%          1
b - Foxfire               Conj/Fire      8%         2x1d4     9%          1

Your spell library contained the following spells:

 Spells                   Type           Power      Damage    Failure   Level
 Freeze                   Ice            0%         1d3       12%         1
 Pain                     Necr           0%         1d4       12%         1
 Swiftness                Air            3%         N/A       22%         3
 Conjure Flame            Conj/Fire      2%         6-21      26%         3
 Inner Flame              Hex/Fire       1%         N/A       30%         3
 Frozen Ramparts          Ice            0%         1d2       32%         3
 Airstrike                Air            1%         N/A       56%         4
 Flame Wave               Conj/Fire      2%         2d4       63%         4
 Hailstorm                Conj/Ice       1%         3d3       65%         4
 Agony                    Necr           0%         N/A       95%         5
 Excruciating Wounds      Necr           0%         N/A       95%         5


Dungeon Overview and Level Annotations

Branches:
Dungeon (5/15)             Temple (1/1) D:4

Altars:
Cheibriados
Fedhas
Gozag
Ru
Wu Jian


Innate Abilities, Weirdness & Mutations

You are very small and have problems with some larger weapons.
You are too small for most types of armour.
You have supernaturally acute eyesight. (SInv)
You cover ground extremely quickly. (Speed+++)


Message History

Aiming: Shock (safe; 9% risk of failure)
Press: ? - help, Shift-Dir - straight line, f/p - orc priest
Aim: an orc priest, wielding a +0 hand axe and wearing a +0 ring mail (almost dead, poisoned, 69% to hit)
The zap hits the orc priest but does no damage.
The orc priest is almost dead.
The zap hits the orc priest.
The orc priest is lightly wounded.
The zap hits the orc priest.
The orc priest is moderately wounded.
The orc priest looks more healthy.
Throw: 3 darts (poison)
Press: ? - help, Q - select action, (/) - cycle Shift-Dir - straight line, f/p - orc priest
Aim: an orc priest, wielding a +0 hand axe and wearing a +0 ring mail (almost dead, 66% to hit)
You throw a poisoned dart.
The poisoned dart closely misses the orc priest.
The poisoned dart hits the orc priest.
The orc priest is lightly wounded.
The orc priest begins to cast a cantrip, but forgets the words!
The orc priest mumbles some strange prayers to Beogh against you.
Pain shoots through your body!
* * * LOW HITPOINT WARNING * * *
Found a stone staircase leading down.
The orc priest calls upon Beogh to heal the orc priest.
The orc priest's wounds heal themselves!
Throw: 2 darts (poison)
Press: ? - help, Q - select action, (/) - cycle Shift-Dir - straight line, f/p - orc priest
Aim: an orc priest, wielding a +0 hand axe and wearing a +0 ring mail (almost dead, 66% to hit)
You throw a poisoned dart.
The poisoned dart barely misses the orc priest.
The poisoned dart hits the orc priest.
The orc priest is poisoned.
The orc priest calls upon Beogh to heal the orc priest.
The orc priest's wounds heal themselves!
The orc priest calls upon Beogh to heal the orc priest.
The orc priest is healed somewhat.
The orc priest invokes the aid of Beogh against you.
You resist with almost no effort.
The orc priest calls down the wrath of Beogh upon you.
Beogh smites you!
You die...
Your body crumbles into a pile of gold.

#######################
.(($$..(ooo.....@..>..#
######.##############.#
#.# #.# #.# #.# #.# #.#
. #.#


You could see 2 orc priests.

Vanquished Creatures
  A scorpion (D:5)
  A hound (D:4)
  Crazy Yiuf (D:4)
  A jelly (D:5)
  3 iguanas
  2 orc wizards
  2 adders (D:2)
  3 gnolls (D:4)
  An adder skeleton (D:3)
  2 worms (D:3)
  9 orcs
  8 endoplasms
  A giant cockroach (D:4)
  7 goblins
  5 hobgoblins
  2 jackals (D:3)
  A kobold (D:2)
  4 quokkas
  6 ball pythons
  12 bats
  A frilled lizard (D:2)
  4 rats
77 creatures vanquished.

Vanquished Creatures (others)
  8 foxfires (D:5)
  3 fungi (D:2)
  3 plants (D:2)
14 creatures vanquished.

Grand Total: 91 creatures vanquished

Notes
Turn   | Place    | Note
-------+----------+-------------------------------------------
     0 | D:1      | styxcanada the Spriggan Brigand began the quest for the
                  | Orb.
     0 | D:1      | Reached XP level 1. HP: 10/10 MP: 2/2
   119 | D:1      | Reached skill level 6 in Stealth
  1012 | D:2      | Found a faded altar of an unknown god.
  1017 | D:2      | Reached XP level 2. HP: 14/15 MP: 3/3
  1249 | D:2      | Noticed a phantom
  1547 | D:2      | Reached XP level 3. HP: 9/18 MP: 4/4
  2128 | D:2      | Reached skill level 7 in Stealth
  3318 | D:3      | Reached XP level 4. HP: 23/23 MP: 5/5
  3544 | D:3      | HP: 1/23 [orc/+0 flail (8)]
  3937 | D:3      | Learned a level 1 spell: Shock
  4184 | D:3      | Reached XP level 5. HP: 21/26 MP: 6/6
  4624 | D:4      | Found a staircase to the Ecumenical Temple.
  4634 | Temple   | Entered the Ecumenical Temple
  4655 | Temple   | Became a worshipper of Gozag Ym Sagoz the Greedy
  4994 | D:4      | Reached skill level 1 in Spellcasting
  5073 | D:4      | Learned a level 1 spell: Foxfire
  5168 | D:4      | Found a runed translucent door.
  5169 | D:4      | Noticed Crazy Yiuf
  5176 | D:4      | Killed Crazy Yiuf
  5227 | D:4      | Reached skill level 8 in Stealth
  5227 | D:4      | Reached XP level 6. HP: 32/32 MP: 8/8
  5791 | D:5      | Entered Level 5 of the Dungeon
  6106 | D:5      | Killed from afar by an orc priest

Illustrated notes

Levels and vault maps discovered:
D:1:      wheals_arrival_linesprint, layout_basic
D:2:      layout_rooms, dreamdust_ecumenical_altar_grove
D:3:      layout_basic, roderic_batcave, hangedman_decor_clover_reticule
D:4:      layout_cave_pods, minmay_temple_entry_glassed_door,
          uniq_crazy_yiuf_cottage
D:5:      layout_basic, uniq_blork_the_orc
Temple:   minmay_crystal_snake_temple

Skill      XL: |  1  2  3  4  5 |
---------------+----------------+-----
Stealth        | 6 7 8 |  8.2
Dodging        | 2 3 |  3.9
Fighting       | 2 |  2.6
Short Blades   | 3 |  3.3
Spellcasting   | 1 |  1.4
Throwing       | |  2.8
Conjurations   | |  0.6
Fire Magic     | |  0.5
Air Magic      | |  0.9

Action                   |  1- 3 |  4- 6 || total
-------------------------+-------+-------++-------
Melee: Dagger            |   134 |   108 ||   242
Throw: Dart              |    17 |    54 ||    71
 Cast: Shock             |       |     9 ||     9
       Foxfire           |       |     5 ||     5
  Use: Scroll            |     6 |     3 ||     9
 Stab: Sleeping          |    12 |     6 ||    18
Armor: Robe              |    19 |    30 ||    49
Dodge: Dodged            |    75 |   109 ||   184
